[Event "*** Titled Tuesday 3|2 Blitz (Early)"]
[Site "Chess.com"]
[Date "2017.01.03"]
[Round "2"]
[White "Holden-Caulfield"]
[Black "Anton_Demchenko"]
[Result "0-1"]
[WhiteElo "2452"]
[BlackElo "2638"]
[TimeControl "180+2"]
[EndTime "11:22:43 PST"]
[Termination "Anton_Demchenko won by resignation"]

1. d4 Nf6 2. Nf3 g6 3. Bf4 Bg7 4. e3 O-O 5. Be2 d6 6. h3 b6 7.
c3 Bb7 8. O-O Nbd7 9. Nbd2 Ne4 10. Bh2 e5 11. Nxe4 Bxe4 12. dxe5 dxe5 13. Nd2 Bb7 14.
Bf3 Qc8 15. Qc2 f5 16. Be2 Kh8 17. Rad1 Qe8 18. Rfe1 Qe7 19. Bf1 Rad8 20. Nc4 a5 21. Kh1 Bf6 22. a3 Nc5 23. b4 Be4 24. Qc1 Nd3 25.
Bxd3 Bxd3 26. Nb2 Ba6 27. Qc2 Bb7 28. Nc4 axb4 29. axb4 Qe6 30. Nd2 Kg7 31. Kg1 Rd7 32. Nf3 Rfd8 33. Rxd7+ Rxd7 34. Rd1 Rxd1+ 35. Qxd1 g5 36.
Bg3 f4 37. Bh2 Qd5 38. Qxd5 Bxd5 39. Nd2 Kf7 40. e4 Be6 41. Kf1 Be7 42. Ke2 c5 43. bxc5 Bxc5 44. f3 h5 45. Kf1 Be3 46. Ke2 b5 47. Kd3 Ke7 48. Ke2 Kd6 49. Kd3 Kc5 50. Kc2 g4 51. hxg4 hxg4 52. fxg4 Bxg4 53. Kd3 Be6 54. Nf3 Bc4+ 55. Kc2 Kd6 56. Nd2 Be2 57. Nf3 Bf1 58. Ne1 Ke6 59. Kd1 Bf2 60. Kd2 Bxe1+ 61.
Kxe1 Bxg2 62. Bg1 Bxe4 63. Ke2 Kd5 0-1

[Event "*** Titled Tuesday 3|2 Blitz (Early)"]
[Site "Chess.com"]
[Date "2017.01.03"]
[Round "2"]
[White "hsskoo"]
[Black "Morpheus4"]
[Result "1-0"]
[WhiteElo "1917"]
[BlackElo "2009"]
[TimeControl "180+2"]
[EndTime "11:22:45 PST"]
[Termination "hsskoo won by checkmate"]

1. e4 c5 2. Nf3 d6 3. d4 cxd4 4. Nxd4 Nf6 5. Nc3 a6 6. Bg5 e6 7.
f4 Be7 8. Qf3 Qc7 9. g4 Nbd7 10.
Bg2 Rb8 11. Bh4 Nc5 12. g5 Nfd7 13. f5 Ne5 14. Qe2 b5 15. O-O-O Qa5 16. Kb1 b4 17. Nd5 exd5 18. f6 gxf6 19. gxf6 Bf8 20. exd5 Na4 21. Ka1 Bd7 22. Nc6 Bxc6 23. dxc6 Qc7 24. Bg3 Nb6 25. Bxe5 dxe5 26. Rhe1 Bd6 27. Qg4 Nc4 28. Qxc4 O-O 29. Qg4+ Kh8 30. Qg7# 1-0

[Event "*** Titled Tuesday 3|2 Blitz (Early)"]
[Site "Chess.com"]
[Date "2017.01.03"]
[Round "2"]
[White "jup1978"]
[Black "Hamisandwich"]
[Result "1-0"]
[WhiteElo "2231"]
[BlackElo "2369"]
[TimeControl "180+2"]
[EndTime "11:22:52 PST"]
[Termination "jup1978 won by resignation"]

1. e4 e6 2. d4 d5 3. Nd2 Nc6 4.
Ngf3 Nf6 5. e5 Nd7 6. Be2 f6 7.
exf6 Qxf6 8. Nf1 Bd6 9. Ne3 O-O 10. O-O Qg6 11. c4 Nf6 12. c5 Bf4 13. Nc2 e5 14.
dxe5 Bxe5 15. Nxe5 Nxe5 16. Bf4 Qf5 17. Bg3 Re8 18.
Nd4 Qg6 19. Re1 c6 20. Qd2 Ne4 21. Qc2 Nxg3 22. hxg3 Qf6 23. Nf3 Bd7 24. Nxe5 Rxe5 25. Bf3 Rae8 26. Rxe5 Qxe5 27. Qd2 Bf5 28. Qg5 h6 29.
Qf4 Qxf4 30. gxf4 Re7 31. g3 Kf7 32. Rd1 Be4 33. Bh5+ Kf6 34. Re1 Bf5 35. Rxe7 Kxe7 36. Kf1 Bd3+ 37. Ke1 a5 38. Kd2 Bf5 39. a3 Kd8 40. b4 axb4 41. axb4 Kc7 42. Ke3 Kd8 43.
Kd4 Ke7 44. Ke5 Bd7 45. Be2 Be8 46. Bd3 Bd7 47. Be2 Be8 48. g4 Bd7 49. g5 hxg5 50.
fxg5 g6 51. Bd3 Be8 52. f4 Bf7 53. b5 Be8 54. b6 Bf7 55. Ba6 Be8 56. Bxb7 d4 57.
Kxd4 Bd7 58. Ba6 Ke6 59. b7 1-0

[Event "*** Titled Tuesday 3|2 Blitz (Early)"]
[Site "Chess.com"]
[Date "2017.01.03"]
[Round "2"]
[White "ABDELAZEEZ-M"]
[Black "MrReinberg"]
[Result "0-1"]
[WhiteElo "2025"]
[BlackElo "2107"]
[TimeControl "180+2"]
[EndTime "11:22:54 PST"]
[Termination "MrReinberg won by resignation"]

1. d4 d5 2. c4 e6 3. Nc3 Nf6 4.
cxd5 Nxd5 5. e4 Nxc3 6. bxc3 c5 7. Nf3 cxd4 8. cxd4 Bb4+ 9. Bd2 Bxd2+ 10. Qxd2 O-O 11.
Bd3 b6 12. O-O Ba6 13. Bxa6 Nxa6 14. Rfc1 Rc8 15. Qd3 Nb8 16. h4 Nd7 17. e5 f6 18. Rd1 fxe5 19. Ng5 Nf6 20. Nxe6 Qd5 21. Nxf8 e4 22. Qb3 Kxf8 23. Qa3+ Kg8 24. Rac1 Re8 25. Qxa7 e3 26. fxe3 Qe4 27. Rc7 Qxe3+ 28. Kh1 Qg3 29. Re7 Rf8 30. Qc7 Qxh4+ 31. Qh2 Qg4 32.
Rf1 Qxd4 33. Qg3 Ne4 34. Rxf8+ Kxf8 35. Qe5 Nf2+ 36. Kh2 Ng4+ 37. Kh3 Nxe5 38. Rxe5 0-1

[Event "*** Titled Tuesday 3|2 Blitz (Early)"]
[Site "Chess.com"]
[Date "2017.01.03"]
[Round "2"]
[White "Krutoy123"]
[Black "PowerThinking2650"]
[Result "1-0"]
[WhiteElo "2408"]
[BlackElo "2267"]
[TimeControl "180+2"]
[EndTime "11:23:05 PST"]
[Termination "Krutoy123 won by resignation"]

1. Nf3 Nf6 2. g3 g6 3. Bg2 Bg7 4. O-O O-O 5. d3 d6 6. c4 e5 7. Nc3 Nc6 8. a3 a5 9. Rb1 Bf5 10. b4 axb4 11. axb4 Qd7 12. b5 Nd8 13. Ng5 h6 14.
Nge4 Nxe4 15. Nxe4 Kh7 16. Bd2 Be6 17. Qc2 f5 18.
Nc3 f4 19. Ra1 Rb8 20. f3 Bh3 21. Qb2 Bxg2 22. Kxg2 h5 23. Ne4 Ne6 24. Rg1 c6 25.
Ra7 Nd4 26. Bc3 Nf5 27. bxc6 Qxc6 28. Rb1 fxg3 29. hxg3 d5 30. cxd5 Ne3+ 31. Kh2 Nxd5 32. Bxe5 Bxe5 33. Qxe5 Kh6 34. g4 hxg4 35. Ra5 Nf4 36.
Qg5+ Kg7 37. Qe7+ Rf7 38. Qe5+ Kg8 39. Qxb8+ Kh7 40. Ra8 g3+ 41. Kh1 g2+ 42. Kh2 g5 43.
Qg8+ Kh6 44. Qxf7 1-0

[Event "*** Titled Tuesday 3|2 Blitz (Early)"]
[Site "Chess.com"]
[Date "2017.01.03"]
[Round "2"]
[White "HovmoellerHest"]
[Black "Dr-Bassem"]
[Result "0-1"]
[WhiteElo "2225"]
[BlackElo "2639"]
[TimeControl "180+2"]
[EndTime "11:23:20 PST"]
[Termination "Dr-Bassem won by checkmate"]

1. d4 f5 2. c4 e6 3. Nc3 Nf6 4. g3 Be7 5. Bg2 O-O 6. Nf3 d6 7. O-O Qe8 8. Bg5 Ne4 9. Bxe7 Nxc3 10. bxc3 Qxe7 11. Nd2 e5 12. e3 Nc6 13. Rb1 e4 14. Nb3 Nd8 15. c5 Be6 16. cxd6 cxd6 17. Re1 Rc8 18.
d5 Bd7 19. Qd4 b6 20. Bf1 Nf7 21. Be2 Ne5 22. Nd2 Rc5 23. Rec1 Rfc8 24. Kg2 Qf7 25.
c4 Ra5 26. Qb2 Qg6 27. Rc3 Rac5 28. Rbc1 Qh6 29. Nb3 R5c7 30. Nd4 g5 31. Qa3 g4 32. Ne6 Bxe6 33. Qxd6 Qh3+ 34. Kh1 Nf3 35. Qxe6+ Kg7 36. Bxf3 gxf3 37. Qe5+ Kg6 38. Qe6+ Kg5 39. Rg1 Rf8 40. d6 Rg7 41. Rcc1 Rg6 42. Qe7+ Rff6 43. Qe5 Qxh2+ 44. Kxh2 Rh6# 0-1

[Event "*** Titled Tuesday 3|2 Blitz (Early)"]
[Site "Chess.com"]
[Date "2017.01.03"]
[Round "2"]
[White "Zlatan56"]
[Black "andretta"]
[Result "1-0"]
[WhiteElo "2685"]
[BlackElo "2448"]
[TimeControl "180+2"]
[EndTime "11:23:27 PST"]
[Termination "Zlatan56 won by resignation"]

1. Nf3 d5 2. g3 Nf6 3. Bg2 e6 4. O-O Be7 5. d3 O-O 6. Nbd2 c5 7. e4 Nc6 8. Re1 b5 9. e5 Nd7 10. Nf1 Bb7 11. h4 b4 12. N1h2 a5 13.
h5 h6 14. Ng4 Qc7 15. Bf4 a4 16. a3 Rfc8 17. Qd2 bxa3 18. bxa3 Qa5 19. c3 Bf8 20.
Bxh6 gxh6 21. Nxh6+ Bxh6 22. Qxh6 Qxc3 23. Ng5 Ncxe5 24.
f4 Nf8 25. fxe5 Rc7 26. Qf6 Qd4+ 27. Kh2 Nh7 28. Qh6 Nxg5 29. Qxg5+ Kh7 30. Qf4 Qxf4 31. gxf4 Rg8 32. Rab1 Ba6 33. Re3 c4 34. d4 c3 35.
Rc1 Rgc8 36. Rc2 Rb7 37. Rexc3 Rxc3 38. Rxc3 Bc4 39. Rg3 Rb3 40. Bh3 Rxg3 41. Kxg3 Kh6 42. Bg4 Bd3 43. Kh4 Be4 44. Bd1 Bf5 45. Bxa4 Bd3 46. Be8 Kg7 47. a4 Ba6 48. Bb5 Bb7 1-0

[Event "*** Titled Tuesday 3|2 Blitz (Early)"]
[Site "Chess.com"]
[Date "2017.01.03"]
[Round "2"]
[White "Tesla37"]
[Black "Mischuk_D"]
[Result "0-1"]
[WhiteElo "2596"]
[BlackElo "2453"]
[TimeControl "180+2"]
[EndTime "11:23:43 PST"]
[Termination "Mischuk_D won by resignation"]

1. e4 c5 2. Nf3 d6 3. Nc3 Nc6 4.
Bb5 Bd7 5. Bxc6 Bxc6 6. d4 cxd4 7.
Qxd4 Nf6 8. Bg5 e6 9. Qd3 Be7 10.
O-O-O Qa5 11. h4 a6 12. Nd4 Rc8 13. f4 h6 14. Bxf6 Bxf6 15. e5 dxe5 16. Nxc6 Rxc6 17. Qd7+ Kf8 18. Ne4 Qc7 19. fxe5 Qxe5 20. Nxf6 gxf6 21. Qxb7 Qc5 22. Rd2 Kg7 23. Qb3 Qe5 24. Rhd1 Rhc8 25. Qd3 a5 26. Re2 Qf4+ 27. Kb1 Qxh4 28. Re4 Qg5 29.
Re3 Rxc2 30. a3 Qc5 31. Rg3+ Kf8 32. Qh7 Rc1+ 33. Rxc1 Qxc1+ 34. Ka2 Qc4+ 35. Ka1 Ke7 36. Rg7 e5 37. Rg3 Qf1+ 38. Ka2 Rc1 39. Qe4 Qc4+ 40.
Qxc4 Rxc4 41. Kb3 Rd4 42. Rh3 Rg4 43. g3 f5 44. Kc3 f6 45. b4 axb4+ 46. axb4 f4 47.
gxf4 Rxf4 48. Rxh6 Kd6 49. Rh8 f5 50. Rd8+ Kc6 51. Rc8+ Kb7 52. Rc5 Re4 53. Kd3 Kb6 54.
Rd5 Kc6 55. Rc5+ Kd6 56. Rc1 Rxb4 57. Ke3 Rb3+ 58. Ke2 f4 59. Rc4 Kd5 60. Rc8 Kd4 61.
Ra8 e4 62. Ra4+ Kd5 63. Ra5+ Kc4 64. Ra4+ Rb4 65. Ra2 Kd4 66. Rd2+ Ke5 67. Ra2 Kf5 68. Ra8 Rb2+ 69. Ke1 Kg4 70. Ra3 e3 71. Kf1 Kf3 72. Ra1 Rf2+ 73. Kg1 Kg3 74. Ra8 Rb2 75. Ra1 f3 76.
Rc1 e2 0-1

[Event "*** Titled Tuesday 3|2 Blitz (Early)"]
[Site "Chess.com"]
[Date "2017.01.03"]
[Round "2"]
[White "Ilja_Semjonovs"]
[Black "Jahonas"]
[Result "1-0"]
[WhiteElo "2143"]
[BlackElo "2149"]
[TimeControl "180+2"]
[EndTime "11:23:46 PST"]
[Termination "Ilja_Semjonovs won by resignation"]

1. d4 Nf6 2. Nf3 g6 3. Bg5 Bg7 4. Nbd2 d5 5. e3 c6 6. c4 Be6 7. Bd3 O-O 8. O-O dxc4 9. Bxc4 Bxc4 10. Nxc4 Nbd7 11. Rc1 Nb6 12. Na5 Qc8 13. Qd3 Rd8 14.
e4 h6 15. Bd2 Ng4 16. Rfe1 Ne5 17. Nxe5 Bxe5 18. Nb3 Bg7 19. Qg3 g5 20. f4 gxf4 21. Bxf4 Qe6 22. Bc7 Rd7 23. Be5 Qg6 24. Bxg7 Qxg3 25.
hxg3 Kxg7 26. e5 Rad8 27. e6 fxe6 28. Rxe6 Nd5 29. Nc5 Rd6 30. Re4 Rb8 31. Rf1 Rf6 32. Rg4+ Kf7 33. Rf3 b6 34. Nd7 Rxf3 35. gxf3 Rd8 36.
Ne5+ Ke6 37. Nxc6 Rc8 38. Ne5 Rc1+ 39. Kh2 Rc2+ 40. Kh3 Rxb2 41. Rg6+ Nf6 42. Rxh6 Rxa2 43. g4 Kd5 44. g5 Ne8 45. Rh8 Ng7 46. Rh7 Nf5 47.
g6 Kxd4 48. Nc6+ Ke3 49. Nxe7 Nxe7 50. Rxe7+ Kxf3 51. g7 Ra1 52. Rf7+ Ke3 53. g8=Q Rh1+ 54. Kg2 1-0

[Event "*** Titled Tuesday 3|2 Blitz (Early)"]
[Site "Chess.com"]
[Date "2017.01.03"]
[Round "2"]
[White "OparinGrigoriy"]
[Black "Malev212"]
[Result "1-0"]
[WhiteElo "2573"]
[BlackElo "2379"]
[TimeControl "180+2"]
[EndTime "11:23:47 PST"]
[Termination "OparinGrigoriy won on time"]

1. Nf3 d5 2. g3 Nf6 3. Bg2 b5 4. d4 e6 5. O-O Nbd7 6. b3 Bb7 7. c4 bxc4 8. bxc4 dxc4 9. Na3 Nb6 10. Nxc4 Nxc4 11.
Qa4+ Nd7 12. Qxc4 Bd6 13. Bg5 Qc8 14. Rfe1 O-O 15. e4 e5 16. Bh3 Qe8 17. d5 Nb6 18.
Qb3 a5 19. Be3 a4 20. Qc3 Qe7 21. Rab1 Bc8 22. Bxc8 Rfxc8 23. Rec1 Nd7 24. Qc6 h6 25. Kg2 Nf6 26. Rc4 a3 27. h3 Rab8 28. Rxb8 Rxb8 29. Nh4 Qd7 30. Nf5 Qxc6 31. dxc6 Bf8 32. Bc5 g6 33.
Bxf8 Kxf8 34. Nxh6 Rb2 35. Ng4 Nxg4 36. hxg4 Rxa2 37.
Rc5 f6 38. Rd5 Rc2 39. Rd8+ Ke7 40. Rd7+ Ke6 41. Rxc7 Kd6 42. Ra7 a2 43. c7 Kd7 44.
g5 fxg5 45. Kf3 Kc8 46. Kg4 Rxf2 47. Kxg5 Rg2 48. g4 Kd7 49. Kh4 Kc8 50. Kg5 Kd7 51. Kxg6 Rxg4+ 52. Kf5 Rg2 53. Kxe5 Rc2 54. Kd4 Rxc7 55.
Rxa2 Rc6 56. Rh2 Ra6 57. Rh7+ Ke8 58. Ke5 Rb6 59. Kf5 Ra6 60. e5 Rb6 61. Rc7 Ra6 62. Rc8+ Ke7 63. Rh8 Rb6 64. Rh7+ Ke8 65. Rg7 Ra6 66.
Rg6 Ra1 67. Kf6 Kf8 68. Rh6 Rf1+ 69. Ke6 Ra1 70. Rh8+ Kg7 71. Rd8 Ra6+ 72. Ke7 Ra2 73. e6 Ra6 74. Rd7 Ra8 75. Rd6 Rb8 76. Kd7 Rb7+ 77.
Ke8 Rb8+ 78. Rd8 Rb6 79. e7 Re6 80. Kd7 Rxe7+ 81. Kxe7 1-0

[Event "*** Titled Tuesday 3|2 Blitz (Early)"]
[Site "Chess.com"]
[Date "2017.01.03"]
[Round "2"]
[White "chesswooog"]
[Black "IMprovidence"]
[Result "1-0"]
[WhiteElo "2119"]
[BlackElo "2207"]
[TimeControl "180+2"]
[EndTime "11:23:50 PST"]
[Termination "chesswooog won by checkmate"]

1. e4 c5 2. d4 cxd4 3. c3 Nf6 4. e5 Nd5 5. Nf3 Nc6 6. Bc4 e6 7. O-O d6 8. exd6 Bxd6 9. cxd4 O-O 10.
Nc3 Nxc3 11. bxc3 b6 12. Re1 Bb7 13. Bd3 g6 14. Bh6 Re8 15. Qd2 Rc8 16. Rad1 Qc7 17. h4 Ne7 18. Qg5 Nf5 19. Bxf5 exf5 20.
Qf6 Bf8 21. Bxf8 Rxf8 22. Re7 Qc6 23. Qg5 Qa4 24. Rd3 Qc2 25. Rde3 Qc1+ 26. Kh2 Bxf3 27.
Rxf3 Qxg5 28. hxg5 a5 29. Rb7 Rc6 30. Re3 f4 31.
Ree7 Rxc3 32. Rxb6 Rc2 33. d5 Rxa2 34. d6 Rd2 35. d7 a4 36. Ra6 Kg7 37. Rxa4 Rd8 38.
Ra7 Rxf2 39. Re8 f3 40. Rxd8 Rxg2+ 41. Kh3 Rxg5 42. Rg8+ Kh6 43. d8=Q f2 44. Qxg5+ Kxg5 45. Kg2 h5 46. Rxf7 Kh4 47. Rxg6 f1=Q+ 48. Kxf1 Kh3 49. Rh7 h4 50. Kf2 Kh2 51. Rxh4# 1-0

[Event "*** Titled Tuesday 3|2 Blitz (Early)"]
[Site "Chess.com"]
[Date "2017.01.03"]
[Round "2"]
[White "underdogchss"]
[Black "Pierrebl"]
[Result "0-1"]
[WhiteElo "2302"]
[BlackElo "2482"]
[TimeControl "180+2"]
[EndTime "11:23:55 PST"]
[Termination "Pierrebl won by resignation"]

1. d4 Nf6 2. Nf3 g6 3. c4 Bg7 4.
Nc3 O-O 5. e4 d6 6. Be2 c5 7. d5 e6 8. Bg5 exd5 9. exd5 Bg4 10.
O-O Nbd7 11. Re1 Re8 12. Bf4 Bxf3 13. Bxf3 Ne5 14. Be2 a6 15. a4 Qc7 16. a5 Re7 17. Qd2 Rae8 18. Bg5 Ned7 19. f3 Re5 20. Bf4 R5e7 21.
Bf1 Ne5 22. Bg5 h6 23. Bh4 g5 24. Bg3 Nh5 25. Bxe5 Bxe5 26. g3 Bd4+ 27. Kg2 Rxe1 28. Rxe1 Rxe1 29. Qxe1 Qxa5 30. Qe8+ Kg7 31. Ne4 Qe1 32. Qd7 Nf6 33. Qf5 Nxe4 34. fxe4 Bxb2 35. e5 Qxe5 36. Qxe5+ Bxe5 37. Bd3 g4 38. Bf5 b5 39. Bxg4 b4 40. Bd1 Bd4 41. Kf3 Kf6 42. Kf4 Bg1 43. h3 Bh2 44. h4 Bg1 45. Ba4 Bf2 46. Bb3 a5 47. Ba4 Be1 48. Bd1 Bxg3+ 49. Kxg3 Ke5 50.
Kg4 f5+ 51. Kh5 f4 52. Kxh6 a4 53. Bxa4 f3 54. Bd1 f2 55. Be2 b3 56. Kg5 b2 57.
Bd3 b1=Q 58. Bxb1 f1=Q 59. Bg6 Qg1+ 60. Kh6 Kf6 61. h5 Qe1 62. Kh7 Qe7+ 0-1

[Event "*** Titled Tuesday 3|2 Blitz (Early)"]
[Site "Chess.com"]
[Date "2017.01.03"]
[Round "2"]
[White "Mazetovic"]
[Black "ZhuChenChess"]
[Result "1/2-1/2"]
[WhiteElo "2442"]
[BlackElo "2340"]
[TimeControl "180+2"]
[EndTime "11:23:57 PST"]
[Termination "Game drawn by repetition"]

1. e4 c5 2. Nf3 d6 3. Bb5+ Nd7 4.
d4 cxd4 5. Qxd4 Nf6 6. c4 g6 7. O-O Bg7 8. Nc3 O-O 9. Bxd7 Bxd7 10. Rd1 Bg4 11. b3 Bxf3 12. gxf3 Nxe4 13. Qxe4 Bxc3 14.
Rb1 Qc7 15. Bg5 Rfe8 16. Rbc1 Bg7 17. Be3 Qc6 18. Rc2 a6 19. a4 Rac8 20. Rcd2 Qxe4 21. fxe4 h6 22. Rd5 Kh7 23. Kg2 g5 24. h4 gxh4 25.
Rh5 Rg8 26. Kf3 Kg6 27. Rxh4 f6 28. Rg1+ Kf7 29. Rgh1 b5 30. cxb5 axb5 31. axb5 Rc3 32. Rb1 Rb8 33. b6 Rxb6 34. b4 Rb5 35. Ke2 Rc2+ 36.
Kd3 Rc8 37. Rhh1 Rcb8 38. Kc4 h5 39. f4 e6 40. f5 d5+ 41. exd5 exd5+ 42. Kc3 Bf8 43.
Rxh5 Bxb4+ 44. Kd3 Bd6 45. Rh7+ Kg8 46. Rbh1 Bf8 47. Rd7 Rb3+ 48. Ke2 Re8 49. Rg1+ Kh8 50.
Rh1+ Kg8 51. Rg1+ Kh8 52. Rh1+ Kg8 53. Rg1+ Kh8 54. Rh1+ 1/2-1/2

[Event "*** Titled Tuesday 3|2 Blitz (Early)"]
[Site "Chess.com"]
[Date "2017.01.03"]
[Round "2"]
[White "Marreuh"]
[Black "davidarenas1224"]
[Result "0-1"]
[WhiteElo "2098"]
[BlackElo "2194"]
[TimeControl "180+2"]
[EndTime "11:24:01 PST"]
[Termination "davidarenas1224 won by resignation"]

1. e4 c5 2. c3 d5 3. exd5 Qxd5 4.
d4 g6 5. Na3 Bg7 6. Nf3 Nf6 7.
Bc4 Qe4+ 8. Be3 O-O 9. dxc5 Bg4 10. h3 Bxf3 11. Qxf3 Qxf3 12. gxf3 Nbd7 13. Bd4 Rfc8 14. b4 a5 15. Nc2 axb4 16. cxb4 b6 17. Bb2 bxc5 18. b5 Nb6 19. Ne3 Bh6 20. Bxf6 exf6 21.
Bd5 Ra3 22. Nc4 Re8+ 23. Kf1 Nxc4 24. Bxc4 Rxf3 25. Kg2 Rf4 26. Bd5 Re5 27. Bc6 Rg5+ 28. Kf1 Rgf5 29. Rh2 Rb4 30. a4 Bf4 31. Rg2 Be5 32. Ra2 Bd4 33. a5 Re5 34. Kg1 Re1+ 35. Kh2 Be5+ 36. Rg3 h5 37. Kg2 Bxg3 38. fxg3 Reb1 39.
a6 R4b2+ 40. Rxb2 Rxb2+ 41. Kf3 Ra2 42. Bb7 c4 43. b6 c3 44. a7 c2 45. Bd5 c1=Q 46.
Bxa2 Qc3+ 47. Ke2 Qc2+ 48. Ke3 Qxa2 49. Kd4 Qa6 50. Kc5 Qb7 51. Kb5 g5 52. Kc5 h4 53.
Kd4 hxg3 0-1

[Event "*** Titled Tuesday 3|2 Blitz (Early)"]
[Site "Chess.com"]
[Date "2017.01.03"]
[Round "2"]
[White "AlexanderL"]
[Black "Aygehovit1992"]
[Result "1/2-1/2"]
[WhiteElo "2585"]
[BlackElo "2442"]
[TimeControl "180+2"]
[EndTime "11:24:10 PST"]
[Termination "Game drawn - insufficient material"]

1. d4 Nf6 2. c4 g6 3. Nc3 d5 4. cxd5 Nxd5 5. e4 Nxc3 6. bxc3 Bg7 7. Qa4+ Qd7 8. Bb5 c6 9. Be2 b5 10. Qc2 Ba6 11. Nf3 c5 12. O-O cxd4 13. cxd4 O-O 14. Be3 Rc8 15. Qb2 b4 16. Rfc1 Bxe2 17. Qxe2 a5 18. Rxc8+ Qxc8 19. Rc1 Qa6 20. Kf1 Kf8 21.
Qxa6 Nxa6 22. Rc6 Ke8 23. Rb6 a4 24. Bd2 b3 25. axb3 a3 26. Bc3 a2 27. Ke2 Nc5 28. Nd2 Nd7 29. Rc6 e5 30. d5 a1=Q 31. Bxa1 Rxa1 32. Rc8+ Ke7 33. Nc4 Ra2+ 34. Kd3 Rxf2 35.
b4 f5 36. d6+ Kf7 37. Rd8 Nf6 38. exf5 gxf5 39. Nxe5+ Ke6 40. Nf3 Rxg2 41. Nd4+ Kd5 42. d7 Rxh2 43. Nxf5 Rh3+ 44. Ke2 Nxd7 45. Rxd7+ Ke6 46.
Rxg7 Kxf5 47. Kd2 Rb3 48. Rb7 h5 49. Kc2 Re3 50. Rh7 Kg6 51. Rh8 Re7 52. Kd3 Kg5 53. b5 h4 54. Kd4 Kg4 55. b6 h3 56.
Kc5 Kg3 57. Kc6 Rg7 58. b7 Rxb7 59. Kxb7 h2 60. Rxh2 Kxh2 1/2-1/2

[Event "*** Titled Tuesday 3|2 Blitz (Early)"]
[Site "Chess.com"]
[Date "2017.01.03"]
[Round "2"]
[White "platy3"]
[Black "danir29"]
[Result "0-1"]
[WhiteElo "2629"]
[BlackElo "2461"]
[TimeControl "180+2"]
[EndTime "11:24:22 PST"]
[Termination "danir29 won by resignation"]

1. e4 e5 2. Nf3 Nc6 3. Bb5 Nf6 4.
d3 Bc5 5. c3 O-O 6. O-O d6 7. h3 Ne7 8. d4 Bb6 9. Bd3 Ng6 10. Re1 Re8 11. Nbd2 c6 12. Nf1 h6 13. Ng3 Nf4 14. Bxf4 exf4 15. Nf1 Nh7 16. e5 dxe5 17. Nxe5 Ng5 18. Qh5 Bc7 19. Rad1 Bxe5 20. dxe5 Qe7 21. Nh2 Be6 22. h4 Nh7 23. Ng4 Rad8 24. Nxh6+ gxh6 25. Qxh6 Nf8 26. Qxf4 Ng6 27. Bxg6 fxg6 28. Rd6 Bf5 29.
Re3 Rxd6 30. exd6 Qf7 31. Rxe8+ Qxe8 32. h5 Kg7 33. g4 Bd7 34. g5 gxh5 35. Qf6+ Kg8 36.
Kh2 Qe6 37. Qd8+ Kg7 38. Qc7 Kg6 39. Qxb7 Qxd6+ 40. Kg1 Bh3 41. Qxa7 Qd5 42. f3 Qxg5+ 43. Kf2 Qd2+ 44. Kg3 Qg2+ 45. Kf4 Qg5+ 46. Ke4 Qd5+ 47. Ke3 Qe5+ 48. Kf2 Qh2+ 49. Ke1 Qh1+ 50. Kd2 Qxf3 51. Qc7 Bf5 52. Qd6+ Kg5 53. Qe7+ Kg4 54. Qg7+ Kh3 55.
Qh6 Qd3+ 56. Ke1 h4 57. a4 Qb1+ 58. Kf2 Qxb2+ 59. Ke1 Qb1+ 60. Kf2 Qc2+ 61. Kf1 Qxa4 62. Qe3+ Kg4 63. Qe2+ Kg5 64. Qe3+ Qf4+ 0-1

[Event "*** Titled Tuesday 3|2 Blitz (Early)"]
[Site "Chess.com"]
[Date "2017.01.03"]
[Round "2"]
[White "pedromartinez91"]
[Black "Iball95"]
[Result "1-0"]
[WhiteElo "2325"]
[BlackElo "2447"]
[TimeControl "180+2"]
[EndTime "11:24:34 PST"]
[Termination "pedromartinez91 won by resignation"]

1. e4 c5 2. Nf3 Nc6 3. g3 Nf6 4.
Nc3 g6 5. Bg2 Bg7 6. O-O O-O 7.
h3 d5 8. exd5 Nxd5 9. Ne4 b6 10.
d3 Bb7 11. a3 Qd7 12. Kh2 Nd4 13. c3 Nxf3+ 14. Qxf3 Kh8 15. Bd2 Rab8 16. Qe2 Nf6 17. Rad1 Rfe8 18. Rfe1 Rbd8 19. Bg5 Nxe4 20. dxe4 Qc7 21.
Bf4 Qc6 22. Rxd8 Rxd8 23. Rd1 Rd7 24. Rd2 h6 25. Qd1 Rxd2 26. Qxd2 Kh7 27. Qd8 Qe6 28.
f3 f5 29. exf5 gxf5 30. Qd2 Qd5 31. Qxd5 Bxd5 32. Bb8 a6 33. Ba7 Be5 34. Bxb6 f4 35.
g4 c4 36. Kg1 Kg6 37. Kf2 h5 38. Bf1 hxg4 39. hxg4 Kg5 40. Be2 Bd6 41. Bd1 e5 42. Bc2 Be7 43. Bf5 Kh6 44. Bc8 Bh4+ 45. Ke2 e4 46.
fxe4 Bxe4 47. Bf2 Bg5 48. Bxa6 f3+ 49. Ke1 Bd3 50. Bb7 Be2 51. a4 Bc1 52. a5 Bxb2 53.
Kd2 Ba3 54. a6 Be7 55. a7 Bg5+ 56. Ke1 Bf6 57. Be3+ Kg6 58. a8=Q Bxc3+ 59. Kf2 Bf6 60. Be4+ Kf7 61. Qb7+ Ke6 62. Qd5+ Ke7 63. Bc5+ 1-0

[Event "*** Titled Tuesday 3|2 Blitz (Early)"]
[Site "Chess.com"]
[Date "2017.01.03"]
[Round "2"]
[White "jcgs1030"]
[Black "162a54f5d"]
[Result "0-1"]
[WhiteElo "2318"]
[BlackElo "2391"]
[TimeControl "180+2"]
[EndTime "11:24:35 PST"]
[Termination "162a54f5d won by resignation"]

1. e4 d6 2. d4 Nf6 3. Nc3 e5 4.
Nf3 Nbd7 5. Bc4 Be7 6. O-O O-O 7. a4 exd4 8. Qxd4 Nc5 9. b4 Ne6 10. Qd3 a5 11. b5 Nc5 12. Qd4 Be6 13. Bb2 Re8 14. Rfe1 Bf8 15. Nd5 Nxd5 16. Bxd5 Qd7 17. Ng5 Bxd5 18. exd5 Rxe1+ 19. Rxe1 Re8 20. Re3 h6 21.
Nf3 Rxe3 22. fxe3 Qf5 23. Ne1 b6 24. Nd3 Ne4 25. Nf4 Nc5 26. Nd3 Ne4 27. Nf4 Nc5 28.
Nd3 Ne4 29. Qc4 Nd2 30. Qf4 Qxd5 31. Bd4 Qc4 32. Qf2 Qxc2 33. Ne1 Qd1 34. h3 Nc4 35. Kh2 Qxa4 36. Nf3 Qxb5 37. Nh4 Qh5 38. Nf5 d5 39. g4 Qg6 40. Bxg7 Bd6+ 41. Kg2 Kh7 42. Bxh6 Qe6 43.
Qh4 Kg8 44. Bg7 Qe4+ 45. Kf2 Qc2+ 46. Kf3 Qd1+ 47. Kf2 Qd2+ 48. Kf1 Qd1+ 49. Kf2 Qd2+ 50. Kf1 Qc1+ 51. Ke2 Qc2+ 52. Kf1 Qd1+ 53. Kf2 Qd2+ 54. Kf1 Qd1+ 55. Kf2 Qc2+ 56. Ke1 Bb4+ 57. Kf1 Qd1+ 58. Kg2 Qe2+ 59. Kg1 Qe1+ 60. Qxe1 Bxe1 61. Bd4 a4 62. Kf1 Bb4 63. h4 Nd2+ 64. Ke2 Ne4 65. Nh6+ Kf8 66. g5 c5 67. Be5 Bc3 68. Bc7 b5 69. Nf5 a3 70. Nd6 a2 71. Nxe4 dxe4 72. Bd6+ Kg8 0-1

[Event "*** Titled Tuesday 3|2 Blitz (Early)"]
[Site "Chess.com"]
[Date "2017.01.03"]
[Round "2"]
[White "Spas_Kozhuharov"]
[Black "Sanan_Sjugirov"]
[Result "1/2-1/2"]
[WhiteElo "2470"]
[BlackElo "2645"]
[TimeControl "180+2"]
[EndTime "11:24:56 PST"]
[Termination "Game drawn - insufficient material"]

1. d4 Nf6 2. c4 e6 3. Nc3 Bb4 4. Qc2 O-O 5. a3 Bxc3+ 6. Qxc3 d5 7. Bg5 c5 8. cxd5 cxd4 9. Qxd4 Nc6 10. Qh4 exd5 11. Bxf6 gxf6 12. e3 Bf5 13. Nf3 Re8 14. Be2 d4 15. O-O dxe3 16. fxe3 Rxe3 17. Bc4 Bg6 18.
Kh1 Re4 19. Bxf7+ Kg7 20. Qg3 Qb8 21. Qxb8 Rxb8 22. Bd5 Re2 23. b4 Rd8 24. Rfd1 Bc2 25. Re1 Rxe1+ 26. Nxe1 Rxd5 27. Nxc2 Rd3 28. Kg1 Rc3 29. Ra2 Ne5 30. Nd4 Nc4 31. Nb5 Rc1+ 32. Kf2 a6 33. Nd4 Rc3 34. Ne6+ Kg6 35. Nc5 Rxa3 36.
Rxa3 Nxa3 37. Nxb7 Nc2 38. b5 axb5 39. Nc5 b4 40. Ke2 Nd4+ 41. Kd3 Nf5 42. g3 Nh6 43. Ne6 Ng4 44. h4 Nf2+ 45. Kc4 Kf5 46. Nf8 h5 47.
Kxb4 Kg4 48. Nh7 Ne4 49. Kc4 Kxg3 50. Kd4 Kf4 51. Kd3 f5 52. Ke2 Kg4 53. Ke3 Ng3 54. Nf6+ Kxh4 55. Kf4 Ne4 56. Nxh5 Kxh5 57. Kxf5 1/2-1/2

[Event "*** Titled Tuesday 3|2 Blitz (Early)"]
[Site "Chess.com"]
[Date "2017.01.03"]
[Round "2"]
[White "Morshynska"]
[Black "roldieyi"]
[Result "0-1"]
[WhiteElo "2113"]
[BlackElo "2156"]
[TimeControl "180+2"]
[EndTime "11:25:06 PST"]
[Termination "roldieyi won by resignation"]

1. e4 c6 2. d4 d5 3. Nd2 dxe4 4.
Nxe4 Nf6 5. Nxf6+ exf6 6. c3 Bd6 7. Bd3 O-O 8. Ne2 Qc7 9. Qc2 h6 10. Be3 Re8 11. O-O-O b5 12. h4 a5 13. h5 a4 14. a3 Nd7 15. Qd2 Bf8 16. Ng3 Nb6 17. Bb1 f5 18. Nxf5 Bxf5 19. Bxf5 Nc4 20. Qd3 Qd6 21. Kb1 Qd5 22. Rde1 Bxa3 23. Re2 Bf8 24. f3 a3 25. b4 Nb2 26. Qc2 Na4 27. Bh7+ Kh8 28. Be4 Qc4 29. Bd2 a2+ 30. Ka1 Nb6 31.
Bd3 Qd5 32. Re4 Nc4 33. Bc1 Na3 34. Qe2 Rxe4 35. fxe4 Qb3 36. Qb2 Qe6 37. e5 Qd5 38.
g4 Nc4 39. Qh2 Bxb4 40. cxb4 Qxd4+ 41. Bb2 Qxd3 42. e6 Nxb2 43. Qxb2 fxe6 44. g5 Qd5 45.
Rg1 hxg5 46. h6 e5 47. hxg7+ Kxg7 48. Rxg5+ Kf6 49. Rg1 Qd4 50. Rf1+ Ke6 51. Rc1 Qxb2+ 52. Kxb2 Kd6 53. Ra1 Ra4 54. Kb3 e4 55. Kb2 Ke5 56. Kc3 e3 57. Kd3 Ra3+ 58. Ke2 Ke4 59. Ke1 Kd3 60.
Kd1 e2+ 61. Ke1 Rb3 62. Kf2 Rb1 0-1